AoeStats
← [SAPR] Janstonbeats

Arabia

510474737Analyzed
2v2 RM · 13h ago on Oct 1, 2026· 28m 39s· 4 players
Game mode
Random Map
Map size
Medium (4 player)
Population
200
Speed
Normal
Resources
Standard
Victory
Conquest
Starting age
Dark Age
Ending age
Imperial Age
RankedLock teamsTeams togetherTeam positionsShared explorationLock speedFull tech treeHidden civsTurbo modeCheats
Victory
Defeat
🇦🇺 Varangians · Australia
1304
+12
🇫🇷 Ethiopians · France
1107
+20
🇮🇳 Ethiopians · India
1283
-19
🇲🇽 Italians · Mexico
1133
-13
Hemsy124
6:39 Loom
8:53 Feudal Age
13:51 Bloodlines
16:33 Scale Barding Armor
18:12 Forging
20:06 Horse Collar
20:13 Double-Bit Axe
23:35 Castle Age
23:37 Light Cavalry
24:18 Husbandry
24:41 Chain Barding Armor
24:49 Gold Mining
28:32 Bow Saw
28:23 Heavy Plow
[SAPR] Janstonbeats
5:42 Loom
10:26 Feudal Age
12:08 Feudal Age
12:50 Double-Bit Axe
13:23 Horse Collar
18:43 Fletching
24:34 Castle Age
23:05 Padded Archer Armor
24:51 Crossbowman
25:47 Thumb Ring
25:53 Thumb Ring
25:52 Bodkin Arrow
26:08 Forging
27:06 Bow Saw
29:25 Ballistics
HUSEINMACO
7:32 Loom
10:10 Feudal Age
10:57 Double-Bit Axe
17:16 Wheelbarrow
21:18 Castle Age
20:59 Scale Barding Armor
20:44 Horse Collar
21:16 Forging
21:49 Bloodlines
22:18 Bow Saw
22:38 Heavy Plow
24:06 Iron Casting
24:01 Town Watch
24:40 Husbandry
26:10 Chain Barding Armor
Pakabuoy
6:53 Loom
10:26 Feudal Age
11:09 Double-Bit Axe
12:26 Fletching
23:52 Castle Age
22:38 Gold Mining
24:01 Crossbowman
24:40 Bodkin Arrow
25:01 Padded Archer Armor
Connection lost

Rejoining the realm…

Still unreachable

The connection could not be restored.

Session expired

The server has moved on; the page needs a fresh start.